 Dungeon Crawl Stone Soup version 0.18-a0-265-g7d804c3 (webtiles) character file.

7802 Ordine the Martial Artist (level 11, -50/77 HPs)
             Began as an Octopode Transmuter on Nov 26, 2015.
             Was an Elder of Cheibriados.
             Killed from afar by a frost giant (54 damage)
             ... with a bolt of cold
             ... on level 9 of the Dungeon.
             The game lasted 00:59:50 (15035 turns).

Ordine the Martial Artist (Octopode Transmuter)    Turns: 15035, Time: 00:59:50

Health: -50/77     AC:  1    Str: 21    XL:     11   Next: 20%
Magic:  22/22      EV: 13    Int: 28    God:    Cheibriados [****..]
Gold:   100        SH:  0    Dex: 22    Spells: 3 memorised, 12 levels left

rFire  . . .     SeeInvis .       - Unarmed
rCold  . . .     Clarity  .     (no shield)
rNeg   . . .     SustAt   .     (helmet restricted)
rPois  +         Gourm    .     m - amulet of resist mutation
rElec  .         Spirit   .     y - ring of poison resistance
rCorr  .         Warding  .     (no ring)
rMut   +         Stasis   .     (no ring)
MR     .....                    (no ring)
Stlth  ++++......               (no ring)
                                (no ring)
                                (no ring)
                                (no ring)

@: about to teleport, very slightly contaminated, very slow, not resistant to
hostile enchantments, stealthy
A: almost no armour, amphibious, 8 rings, constrict 8, camouflage 1, gelatinous
body 1
a: Bend Time, Temporal Distortion, Slouch, Renounce Religion


You were on level 9 of the Dungeon.
You worshipped Cheibriados.
Cheibriados was greatly pleased with you.
You were not hungry.

You visited 2 branches of the dungeon, and saw 10 of its levels.

You collected 492 gold pieces.
You spent 392 gold pieces at shops.

Inventory:

Armour
 r - a +0 shield
Magical Staves
 f - an uncursed staff of power
 u - an uncursed staff of wizardry
Jewellery
 j - an uncursed amulet of warding
 m - an amulet of resist mutation (around mantle)
 n - an uncursed ring of teleportation
 y - a ring of poison resistance (left tentacle)
Wands
 B - a wand of teleportation (3)
Scrolls
 l - 5 scrolls of remove curse
 q - 2 scrolls of teleportation
Potions
 g - 2 potions of flight
 i - 3 potions of brilliance
 k - 2 potions of magic
 o - a potion of agility
 t - a potion of lignification
 w - a potion of resistance
Books
 b - a book of Changes

   Spells                             Type                      Level
   a - Beastly Appendage              Transmutation                1
   b - Sticks to Snakes               Transmutation                2
   c - Spider Form                    Transmutation/Poison         3
   d - Ice Form                       Ice/Transmutation            4
   e - Blade Hands                    Transmutation                5
 e - Sif Muna's Guide on Beguiling
   (You found it on level 3 of the Dungeon)

   Spells                             Type                      Level
   a - Corona                         Hexes                        1
 p - a book of Envenomations

   Spells                             Type                      Level
   a - Spider Form                    Transmutation/Poison         3
   b - Alistair's Intoxication        Transmutation/Poison         4
   c - Olgreb's Toxic Radiance        Poison                       4
   d - Poisonous Cloud                Conjuration/Poison/Air       6
 x - a book of Frost

   Spells                             Type                      Level
   a - Freeze                         Ice                          1
   b - Throw Frost                    Conjuration/Ice              2
   c - Ozocubu's Armour               Charms/Ice                   3
   d - Throw Icicle                   Conjuration/Ice              4
   e - Summon Ice Beast               Ice/Summoning                4
   f - Condensation Shield            Ice                          4
 A - a book of the Dragon

   Spells                             Type                      Level
   a - Flame Tongue                   Conjuration/Fire             1
   b - Cause Fear                     Hexes                        4
   c - Bolt of Fire                   Conjuration/Fire             6
   d - Dragon Form                    Transmutation                7
   e - Dragon's Call                  Summoning                    9
Comestibles
 a - 9 slices of pizza
 c - 7 bread rations
 d - 3 meat rations
 h - 4 beef jerkies


   Skills:
 + Level 8.2 Fighting
 - Level 2.0 Dodging
 - Level 10.0 Unarmed Combat
 * Level 7.4 Spellcasting
 - Level 9.0 Transmutations


You had 12 spell levels left.
You knew the following spells:

 Your Spells              Type           Power        Failure   Level  Hunger
a - Spider Form           Trmt/Pois      #####.....   2%          3    None
b - Ice Form              Ice/Trmt       #####...     12%         4    ##.....
c - Blade Hands           Trmt           ######....   4%          5    ####...


Dungeon Overview and Level Annotations

Branches:
Dungeon (9/15)             Temple (1/1) D:7
   Lair: D:8-11         Orc: D:9-12

Altars:
Ashenzari
Cheibriados
Dithmenos
Elyvilon
Fedhas
Gozag
Kikubaaqudgha
Makhleb
Nemelex Xobeh
Okawaru
Qazlal
Ru
Sif Muna
Trog
Vehumet
Xom
Yredelemnul
Zin
The Shining One

Shops:
D:4 :   D:8 *:=[:

Annotations:
D:4 P0WERM0DE's ghost, amateur NaCK


Innate Abilities, Weirdness & Mutations

You cannot wear most types of armour.
You are amphibious.
You can wear up to eight rings at the same time.
You can use your tentacles to constrict eight enemies at once.
Your skin changes colour to match your surroundings (Stealth).
Your rubbery body absorbs attacks (AC +1).


Message History

Your squeeze misses the water moccasin.
The water moccasin is heavily wounded.
The water moccasin bites you!
* * * LOW HITPOINT WARNING * * *
Drink which item? (? for menu, Esc to quit)
You would drown in your new form.
You bludgeon the water moccasin! You grab the water moccasin.
You squeeze the water moccasin.
The water moccasin is almost dead.
You constrict the water moccasin.
You kill the water moccasin!
Cheibriados thoroughly appreciates the change of pace.
A frost giant is nearby!
Read which item? (? for menu, Esc to quit)
As you read the scroll of teleportation, it crumbles to dust.
You feel strangely unstable.
The frost giant points at you and mumbles some strange words.
The bolt of cold hits you!
Ouch! That really hurt!
You die...

..≈≈≈≈≈≈≈≈≈≈≈≈≈≈≈≈≈≈≈≈#
..≈≈≈≈≈≈≈≈≈≈≈≈≈≈≈≈≈≈≈≈#
..≈≈≈≈≈≈≈≈≈≈≈≈≈≈≈≈≈≈≈≈#
..≈≈≈≈≈≈≈≈≈≈≈≈≈≈≈≈≈≈≈#
..≈≈≈≈≈≈≈≈≈≈≈≈≈≈≈≈≈≈≈#
..≈≈≈≈≈≈≈≈≈≈≈≈≈≈≈≈≈≈≈##
..≈≈≈≈≈≈≈≈≈≈≈≈≈≈≈≈≈≈≈≈#
..≈≈≈≈≈≈≈≈≈≈≈.≈≈≈≈≈≈≈≈###
..≈≈≈≈≈≈≈≈≈≈≈≈≈≈@†≈≈≈≈≈≈##
..≈≈≈≈≈≈≈≈≈≈≈≈≈≈≈§≈≈≈≈≈≈≈####
.≈≈≈≈≈≈≈≈≈≈≈≈≈≈≈≈≈§≈†≈≈≈≈≈≈≈≈
.≈≈≈≈≈≈≈≈≈≈≈≈≈≈≈≈≈≈C≈≈≈####≈
.≈≈≈≈≈≈≈≈≈≈≈≈≈≈≈≈≈≈≈≈≈≈# ≈#
.≈≈≈≈≈≈≈≈≈≈≈≈≈≈≈≈≈≈≈≈≈≈####..##
.≈≈≈≈≈≈≈≈≈≈≈≈≈##≈≈≈≈≈≈≈#C≈...s#
.≈≈≈≈≈≈≈≈≈≈≈≈###≈≈≈≈≈≈≈≈≈≈S...#
.≈≈≈≈≈≈≈≈≈≈≈≈# #≈≈≈≈##§≈≈≈...##


You could see a frost giant.

Vanquished Creatures
  An ice statue (D:9)
  A troll (D:9)
  A human (D:7)
  2 hungry ghosts (D:8)
  2 hippogriffs
  A hog (D:7)
  A water moccasin (D:9)
  Edmund (D:5)
  Duvessa (D:7)
  4 orc warriors
  A black bear (D:7)
  5 ogres
  2 phantoms
  A wasp (D:9)
  2 sky beasts
  2 eyes of draining (D:9)
  16 ice beasts
  A big kobold (D:7)
  2 centaurs
  3 giant frogs
  A wyvern zombie (D:9)
  Dowan (D:7)
  7 killer bees (D:8)
  4 scorpions
  A water moccasin skeleton (D:5)
  7 wights
  6 orc priests
  6 electric eels (D:9)
  3 crimson imps
  A jelly (D:9)
  8 orc wizards
  6 hounds
  A giant frog skeleton (D:4)
  2 quasits
  5 worker ants
  5 iguanas
  3 sheep (D:7)
  2 hound zombies
  A hound skeleton (D:5)
  Robin (D:3)
  12 adders
  2 shadow imps
  4 oozes
  An adder skeleton (D:5)
  5 worms
  38 orcs
  A ball python (D:2)
  9 bats
  9 giant cockroaches
  14 hobgoblins
  11 jackals
  10 giant geckos
  13 giant newts
  32 goblins
  3 jackal skeletons
  16 kobolds
  6 quokkas
  7 rats
314 creatures vanquished.

Vanquished Creatures (others)
  A quokka (D:9)
  2 plants (D:8)
3 creatures vanquished.

Grand Total: 317 creatures vanquished

Notes
Turn   | Place    | Note
--------------------------------------------------------------
     0 | D:1      | Ordine the Octopode Transmuter began the quest for the Orb.
     0 | D:1      | Reached XP level 1. HP: 13/13 MP: 3/3
   343 | D:1      | Reached XP level 2. HP: 18/18 MP: 5/5
   964 | D:2      | Reached XP level 3. HP: 12/23 MP: 4/6
  1157 | D:2      | Learned a level 3 spell: Spider Form
  1395 | D:2      | Found a faded altar to an unknown god.
  1521 | D:2      | Reached skill level 4 in Transmutations
  1760 | D:2      | Found a blossoming altar of Fedhas.
  1770 | D:2      | Reached XP level 4. HP: 23/28 MP: 7/7
  2044 | D:2      | Found an opulent altar of Gozag.
  2045 | D:2      | Found a basalt altar of Yredelemnul.
  2340 | D:2      | Learned a level 4 spell: Ice Form
  2857 | D:3      | Reached skill level 5 in Transmutations
  2862 | D:3      | Reached XP level 5. HP: 17/33 MP: 5/8
  3381 | D:3      | Found a deep blue altar of Sif Muna.
  3560 | D:3      | Identified Sif Muna's Guide on Beguiling
  3861 | D:3      | Reached skill level 6 in Transmutations
  3984 | D:3      | Reached XP level 6. HP: 38/38 MP: 9/9
  4107 | D:3      | Noticed Robin
  4141 | D:3      | Killed Robin
  4768 | D:3      | Reached skill level 7 in Transmutations
  5011 | D:4      | Reached XP level 7. HP: 29/43 MP: 10/10
  5275 | D:4      | Noticed P0WERM0DE's ghost (amateur NaCK)
  5328 | D:3      | Reached skill level 8 in Transmutations
  5734 | D:4      | Reached skill level 9 in Transmutations
  5734 | D:4      | Reached XP level 8. HP: 39/48 MP: 8/11
  6046 | D:4      | Found Roug's Book Shop.
  6211 | D:5      | Entered Level 5 of the Dungeon
  6351 | D:5      | Noticed Edmund
  6387 | D:5      | Killed Edmund
  6629 | D:5      | Found a glowing golden altar of the Shining One.
  6830 | D:5      | Reached skill level 5 in Unarmed Combat
  6907 | D:5      | Found a snail-covered altar of Cheibriados.
  6911 | D:5      | Became a worshipper of Cheibriados the Contemplative
  6917 | D:5      | Found an iron altar of Okawaru.
  6920 | D:5      | Found an ancient bone altar of Kikubaaqudgha.
  6923 | D:5      | Found a sparkling altar of Nemelex Xobeh.
  7326 | D:5      | Found a shattered altar of Ashenzari.
  7900 | D:6      | Found a shadowy altar of Dithmenos.
  8108 | D:6      | Reached * piety under Cheibriados
  8429 | D:7      | Found a staircase to the Ecumenical Temple.
  8441 | Temple   | Entered the Ecumenical Temple
  8584 | D:7      | Reached XP level 9. HP: 11/56 MP: 3/12
  8903 | D:7      | Learned a level 5 spell: Blade Hands
  9306 | D:7      | Found a radiant altar of Vehumet.
  9443 | D:7      | Noticed Duvessa
  9445 | D:7      | Noticed Dowan
  9455 | D:7      | Killed Duvessa
  9458 | D:7      | Killed Dowan
  9460 | D:7      | Reached ** piety under Cheibriados
  9954 | D:7      | Got a crude leather armour
  9964 | D:7      | Reached skill level 5 in Fighting
 10790 | D:7      | Reached *** piety under Cheibriados
 10901 | D:8      | Found Leufoned's Assorted Antiques.
 10905 | D:8      | Bought a short smoking staff for 336 gold pieces
 10930 | D:8      | Found Lobuatem's Armour Shoppe.
 10936 | D:8      | Found Yllis's Book Emporium.
 11001 | D:8      | Found Ziria's Jewellery Emporium.
 11075 | D:8      | Reached XP level 10. HP: 51/68 MP: 13/13
 11592 | D:8      | Reached skill level 10 in Unarmed Combat
 11731 | D:8      | Found Focu's Book Shoppe.
 11759 | D:8      | Found a deep blue altar of Sif Muna.
 12530 | D:8      | Reached **** piety under Cheibriados
 12747 | D:8      | Bought a scroll labeled KAGRUJ YS VEOL for 28 gold pieces
 12747 | D:8      | Bought a scroll labeled JUOXUAPSUXT for 28 gold pieces
 13323 | D:9      | Found a white marble altar of Elyvilon.
 13333 | D:9      | Reached skill level 5 in Spellcasting
 13339 | D:9      | Reached ***** piety under Cheibriados
 13675 | D:9      | Reached XP level 11. HP: 21/76 MP: 20/20
 15023 | D:9      | Noticed a frost giant
 15030 | D:9      | HP: 3/77 [water moccasin (7)]
 15035 | D:9      | Killed from afar by a frost giant

Vault maps used:
D:1:      evilmike_arrival_plus, st_stairs_11, minmay_misc_feat_plants,
          minivault_14
D:2:      kennysheep_the_goblin_king, gammafunk_temple_overflow_pools,
          ecumenical_altar_2, fedhas_altar_3
D:3:      kennysheep_goblin_castle, led_sif_book, kennysheep_generic_room_8,
          uniq_robin
D:4:      serial_shops, nicolae_shop_temple_entry_statues_fountains
D:5:      tso_metal_star, grunt_temple_overflow_cloverleaf,
          kennysheep_mini_moat, first_bread, minmay_strange_pillars, uniq_edmund
D:6:      marbit_many_paths
D:7:      fiery_altar_vehumet, minmay_temple_entry_grid, grunt_livestock,
          uniq_duvessa
D:8:      serial_shops, shop, shop, nicolae_shop_overgrown_old_shop, shop, shop,
          basic_altar
D:9:      minmay_twisted_water, elyvilon_altar_4
Temple:   circular_temple_6

Action                   |  1- 3 |  4- 6 |  7- 9 | 10-12 || total
-------------------------+-------+-------+-------+-------++-------
Melee: Unarmed           |   105 |   211 |   324 |   211 ||   851
       Staff             |       |       |     1 |       ||     1
 Cast: Beastly Appendage |     1 |       |       |       ||     1
       Spider Form       |       |     7 |     9 |     1 ||    17
       Ice Form          |       |       |     3 |    14 ||    17
       Blade Hands       |       |       |     2 |     6 ||     8
Invok: Slouch            |       |       |       |     2 ||     2
 Abil: End Transformatio |       |       |     3 |       ||     3
  Use: Scroll            |     4 |     3 |     8 |    11 ||    26
       Potion            |       |       |    10 |     1 ||    11
 Stab: Sleeping          |     6 |     5 |    14 |     2 ||    27
       Distracted        |       |       |       |     3 ||     3
  Eat: Chunk             |     3 |    11 |    18 |     4 ||    36
       Meat ration       |       |       |       |     2 ||     2
